 Dungeon Crawl Stone Soup version 0.25-a0-1078-gea6e5d949a (webtiles) character file.

Game seed: 5677420414915103036, levelgen mode: deterministic

96915 DerDa the Frost Mage (level 16, -8/96 HPs)
             Began as a Merfolk Ice Elementalist on May 15, 2020.
             Was a High Priest of Sif Muna.
             Killed from afar by an ice dragon (33 damage)
             ... with a blast of cold
             ... on level 15 of the Dungeon.
             The game lasted 01:33:13 (32757 turns).

DerDa the Frost Mage (Merfolk Ice Elementalist)    Turns: 32757, Time: 01:33:14

Health: -8/96      AC: 12    Str:  5    XL:     16   Next: 18%
Magic:  16/41      EV: 24    Int: 19    God:    Sif Muna [*****.]
Gold:   1186       SH:  0    Dex: 22    Spells: 13/40 levels left

rFire    + . .     SeeInvis .   B - +2 trident
rCold    + . .     Gourm    .   (no shield)
rNeg     + + .     Faith    +   r - +2 robe {rC+ rF+}
rPois    .         Spirit   .   V - +2 helmet of a Billion Stars {Str-5 Dex+4 Stlth+}
rElec    .         Reflect  .   l - +2 cloak {Stlth+}
rCorr    .         Harm     +   N - +0 pair of gloves "Daragaogh" {rN++}
MR       +....                  q - +0 pair of boots of a sewer {Harm Dex+3}
Stlth    +++.......             e - amulet of faith
HPRegen  0.26/turn              (no ring)
MPRegen  0.27/turn              F - ring of magical power

@: no potions, very slightly contaminated
A: change form in water, swift swim, stealthy swim
a: Channel Magic, Forget Spell, Divine Exegesis, Renounce Religion


You were on level 15 of the Dungeon.
You worshipped Sif Muna.
Sif Muna was extremely pleased with you.
You were near starving.

You visited 4 branches of the dungeon, and saw 24 of its levels.
You also visited: Sewer and Gauntlet.

You collected 2087 gold pieces.
You spent 901 gold pieces at shops.

Inventory:

Hand Weapons
 B - a +2 trident (weapon)
 U - a +0 trident of venom
Missiles
 t - 29 poisoned darts (quivered)
Armour
 f - the -5 pair of gloves of Lethargy {rF+ MR+}
   (You found it in a Gauntlet)

   It protects you from fire.
   It affects your resistance to hostile enchantments.
 i - a +0 buckler
 l - a +2 cloak of stealth (worn)
 q - the +0 pair of boots of a sewer (worn) {Harm Dex+3}
   (You found it in a Gauntlet)

   It affects your dexterity (+3).
   It increases damage dealt and taken.
 r - a +2 robe of resistance (worn)
 N - the +0 pair of gloves "Daragaogh" (worn) {rN++}
   (You bought it in a shop on level 2 of the Orcish Mines)

   It greatly protects you from negative energy.
 V - the +2 helmet of a Billion Stars (worn) {Str-5 Dex+4 Stlth+}
   (You bought it in a shop on level 2 of the Orcish Mines)

   It affects your strength (-5).
   It affects your dexterity (+4).
   It makes you more stealthy.
Magical Staves
 o - an uncursed staff of energy
Jewellery
 e - an amulet of faith (around neck)
 F - a ring of magical power (right hand)
 H - an uncursed ring of ice
 Z - an uncursed ring of resist corrosion
Wands
 y - a wand of disintegration (34)
 D - a wand of enslavement (15)
 G - a wand of clouds (16)
 K - a wand of acid (9)
 Q - a wand of polymorph (10)
 S - a wand of flame (26)
 Y - a wand of iceblast (8)
Scrolls
 a - 2 scrolls of brand weapon
 j - 9 scrolls of remove curse
 m - 8 scrolls of amnesia
 n - 3 scrolls of enchant weapon
 s - 3 scrolls of fog
 u - 2 scrolls of blinking
 w - a scroll of summoning
 x - 13 scrolls of teleportation
 E - 2 scrolls of magic mapping
 I - 3 scrolls of fear
 L - 2 scrolls of torment
 O - a scroll of holy word
 P - 6 scrolls of immolation
Potions
 b - 8 potions of curing
 d - 2 potions of cancellation
 g - 2 potions of might
 h - a potion of resistance
 p - 9 potions of haste
 v - a potion of mutation
 z - 2 potions of brilliance
 A - 6 potions of flight
 C - 6 potions of heal wounds
 R - a potion of magic
Miscellaneous
 k - a phial of floods
 M - a lightning rod (4/4)
Comestibles
 c - 26 rations
 J - 12 chunks of flesh


   Skills:
 + Level 13.1 Polearms
 + Level 12.8 Dodging
 - Level 2.1 Stealth
 * Level 0.6 Shields
 * Level 12.6 Spellcasting
 * Level 10.8 Conjurations
 * Level 14.9 Ice Magic
 * Level 3.9 Air Magic
 + Level 10.0 Invocations


You had 13 spell levels left.
You knew the following spells:

 Your Spells              Type           Power        Failure   Level  Hunger
a - Freeze                Ice            ####         0%          1    None
b - Frozen Ramparts       Ice            ######       1%          3    None
c - Ozocubu's Armour      Chrm/Ice       #####...     1%          3    None
d - Hailstorm             Conj/Ice       ######..     1%          4    #......
e - Summon Ice Beast      Ice/Summ       #####...     2%          4    #......
f - Ozocubu's Refrigerat  Ice            ######....   1%          6    ######.
g - Freezing Cloud        Conj/Ice/Air   #####.....   14%         6    ######.

Your spell library contained the following spells:

 Spells                   Type           Power        Failure   Level  Hunger
 Magic Dart               Conj           ####         1%          1    None
 Shock                    Conj/Air       ####         1%          1    None
 Searing Ray              Conj           ######       1%          2    None
 Conjure Flame            Conj/Fire      ####....     1%          3    None
 Dazzling Flash           Conj/Hex       ####..       1%          3    None
 Static Discharge         Conj/Air       #####...     1%          3    None
 Stone Arrow              Conj/Erth      ####..       1%          3    None
 Animate Skeleton         Necr           N/A          6%          1    None
 Apportation              Tloc           ##....       6%          1    None
 Corona                   Hex            ##.....      6%          1    None
 Pain                     Necr           ##..         6%          1    None
 Sting                    Tmut/Pois      ##..         6%          1    None
 Summon Small Mammal      Summ           ##..         6%          1    None
 Fulminant Prism          Conj/Hex       ####......   6%          4    #......
 Iskenderun's Mystic Bla  Conj/Tloc      ####....     6%          4    #......
 Sticky Flame             Conj/Fire      ####....     6%          4    #......
 Lightning Bolt           Conj/Air       #####.....   8%          5    ####...
 Call Imp                 Summ           ##......     9%          2    None
 Shroud of Golubria       Chrm/Tloc      ##....       9%          2    None
 Call Canine Familiar     Summ           ##......     17%         3    None
 Ignite Poison            Fire/Tmut/Pois ##......     17%         3    None
 Summon Guardian Golem    Hex/Summ       ##......     17%         3    None
 Vampiric Draining        Necr           ##........   17%         3    None
 Summon Lightning Spire   Summ/Air       ###.....     26%         4    #......
 Simulacrum               Ice/Necr       #####.....   38%         6    ######.
 Animate Dead             Necr           N/A          50%         4    #......
 Cause Fear               Hex            ##........   50%         4    #......
 Dispel Undead            Necr           ##......     50%         4    #......
 Olgreb's Toxic Radiance  Pois           ##......     50%         4    #......
 Passage of Golubria      Tloc           N/A          50%         4    #......
 Petrify                  Tmut/Erth      ##......     50%         4    #......
 Silence                  Hex/Air        ###.......   56%         5    ####...
 Agony                    Necr           ##......     85%         5    ####...
 Alistair's Intoxication  Tmut/Pois      ##......     85%         5    ####...
 Excruciating Wounds      Chrm/Necr      ##........   85%         5    ####...
 Yara's Violent Unravell  Hex/Tmut       ##........   85%         5    ####...
 Spellforged Servitor     Conj/Summ      ####......   99%         7    #######
 Eringya's Noxious Bog    Tmut/Pois      ##........   100%        6    ######.
 Hydra Form               Tmut           ##........   100%        6    ######.
 Haunt                    Necr/Summ      ##........   100%        7    #######
 Summon Greater Demon     Summ           ##........   100%        7    #######
 Chain Lightning          Conj/Air       #####.....   100%        8    #######
 Discord                  Hex            ##........   100%        8    #######
 Ignition                 Fire           ##........   100%        8    #######
 Dragon's Call            Summ           ##........   100%        9    #######
 Shatter                  Erth           ##........   100%        9    #######
 Tornado                  Air            ####......   100%        9    #######


Dungeon Overview and Level Annotations

Branches:
Dungeon (15/15)            Temple (1/1) D:7            Lair (6/6) D:10
 Shoals (0/4) Lair:2       Spider (0/4) Lair:4        Slime (0/5) Lair:6
    Orc (2/2) D:9             Elf (0/3) Orc:2        Vaults (0/5) D:14
  Sewer (visited)         Gauntlet (visited)
 Depths: D:15

Altars:
Ashenzari
Cheibriados
Dithmenos
Elyvilon
Fedhas
Gozag
Hepliaklqana
Kikubaaqudgha
Makhleb
Nemelex Xobeh
Okawaru
Qazlal
Ru
Sif Muna
Trog
Uskayaw
Vehumet
Wu Jian
Xom
Yredelemnul
Zin
The Shining One
Beogh

Shops:
D:6 ?   D:15 ?   Orc:2 :[(*!

Portals:
Hell: Lair:6

Annotations:
D:13 2 runed translucent doors


Message History

The ice dragon is lightly wounded.
You are near starving!
The fire dragon breathes flames at you. The blast of flame hits you!!
You resist.
* * * LOW HITPOINT WARNING * * *
Casting: Ozocubu's Refrigeration (dangerous; 1% risk of failure)
Confirm with . or Enter, or press ? or * to list all spells.
The heat is drained from your surroundings.
You resist.
You feel very cold.
The fire dragon and the ice dragon are frozen.
The fire dragon is frozen!
You kill the fire dragon!
Sif Muna accepts your kill.
The ice dragon resists.
The ice dragon is lightly wounded.
Things that are here:
a +0 dagger; a +0 robe; a kobold corpse The ice dragon breathes frost at you.
The blast of cold hits you!! You resist.
You die...

#......#
###..##
###.#.## #..##
#)).# #.##
#)### #.# #D#
#.# #)# #.#
#(# #.# #)#
#.# #@# #.#
#.# #.# #(#
#.#
#(##########)#
#............#
##############


You could see an ice dragon (catching breath).

Vanquished Creatures
  An orc warlord (Orc:2)
  A stone giant (Orc:2)
  Azrael (D:12)
  A minotaur (Gauntlet)
  2 fire dragons (D:15)
  Fannar (D:12)
  4 vault guards (D:14)
  2 ogre magi (D:15)
  7 hydras
  5 centaur warriors
  4 catoblepae
  12 two-headed ogres
  A death yak (Lair:6)
  The ghost of temitten the Destroyer, a journeyman DEAE of Sif Muna (Lair:1)
  2 orc high priests
  2 tengu warriors
  Urug (Orc:2)
  Sonja (Orc:1)
  A wretched star (Gauntlet)
  3 skeletal warriors (D:15)
  Nergalle (Orc:2)
  A sixfirhy (Lair:6)
  A wizard (Lair:6)
  A wolf spider zombie (D:15)
  An orc knight (Orc:2)
  2 orc sorcerers (Orc:2)
  2 cyclopes (D:14)
  A manticore (D:14)
  9 ugly things (D:14)
  6 centaur zombies
  Maurice (D:8)
  Psyche (D:9)
  An elephant (Lair:6)
  Maggie (Lair:2)
  8 black mambas
  2 orange demons (Lair:6)
  9 komodo dragons
  9 spiny frogs
  A yaktaur (D:14)
  2 kobold demonologists
  3 rime drakes (Lair:6)
  2 ice devils (Lair:6)
  A queen bee (Lair:3)
  6 trolls
  A merfolk (Lair:2)
  A red devil (Lair:6)
  A hellwing (Lair:6)
  2 tengu conjurers
  3 meliai (D:13)
  2 polar bears (Lair:6)
  Prince Ribbit (D:8)
  17 blink frogs
  3 slime creatures (D:13)
  Sigmund (D:3)
  12 hippogriffs
  A shadow (D:14)
  A spriggan (D:7)
  8 fire elementals
  64 yaks
  2 wyverns
  A steam dragon (D:13)
  2 neqoxecs (Gauntlet)
  A hungry ghost (D:11)
  A basilisk (Lair:6)
  5 wargs
  2 vampire mosquitoes (D:14)
  The ghost of Maedhros the Sneak, an amateur OpAr (D:5)
  3 acid dragons
  13 water moccasins
  3 hell hounds (Lair:6)
  7 porcupines
  4 black bears
  4 sky beasts
  22 orc warriors
  An ice beast (D:6)
  3 phantoms
  3 eyes of draining
  18 ogres
  A necrophage (D:14)
  12 wolves
  3 boggarts (D:15)
  15 centaurs
  15 crocodiles
  4 big kobolds
  8 bullfrogs
  2 gnoll sergeants (D:9)
  A wyvern zombie (D:12)
  A small abomination (Gauntlet)
  A wyvern skeleton (D:14)
  A scorpion (D:6)
  23 killer bees
  5 electric eels
  2 wights (D:7)
  6 crimson imps
  A bullfrog zombie (D:8)
  4 hounds
  Crazy Yiuf (D:2)
  4 centaur skeletons
  21 orc priests
  A gnoll shaman (D:4)
  6 jellies
  21 orc wizards
  A bullfrog skeleton (D:8)
  3 iguanas
  9 worker ants
  A hound skeleton (D:7)
  19 gnolls
  14 adders
  2 shadow imps
  An ooze (D:1)
  An adder skeleton (D:7)
  2 worms (D:2)
  A dart slug (D:1)
  6 leopard geckos
  61 orcs
  8 bats
  6 giant cockroaches
  8 goblins
  9 hobgoblins
  16 jackals
  5 quokkas
  5 ball pythons
  3 frilled lizards
  28 kobolds
  17 rats
  11 fungi
  9 plants
744 creatures vanquished.

Vanquished Creatures (collateral kills)
  An orc knight (Orc:2)
  An oklob plant (Gauntlet)
  A centaur skeleton (D:15)
  An ice devil (Lair:6)
  A wraith (D:13)
  2 basilisks
  An orc warrior (Orc:2)
  2 ice beasts
  2 wights (D:7)
  An orc (Orc:2)
  A ball python (D:6)
14 creatures vanquished.

Vanquished Creatures (others)
  A shadow imp (D:7)
  24 fungi
  12 plants
37 creatures vanquished.

Grand Total: 795 creatures vanquished

Notes
Turn   | Place    | Note
-------+----------+-------------------------------------------
     0 | D:1      | DerDa the Merfolk Ice Elementalist began the quest for the
                  | Orb.
     0 | D:1      | Reached XP level 1. HP: 13/13 MP: 3/3
   151 | D:1      | Reached XP level 2. HP: 13/19 MP: 1/5
   748 | D:1      | Reached XP level 3. HP: 21/24 MP: 3/6
  1022 | D:1      | Learned a level 3 spell: Frozen Ramparts
  1026 | D:1      | Learned a level 3 spell: Ozocubu's Armour
  1296 | D:1      | Reached skill level 5 in Ice Magic
  1439 | D:2      | Reached XP level 4. HP: 30/30 MP: 6/8
  1830 | D:2      | Found a bloodstained altar of Trog.
  2134 | D:2      | Found a runed translucent door.
  2135 | D:2      | Noticed Crazy Yiuf
  2492 | D:3      | Reached skill level 1 in Polearms
  2497 | D:3      | Reached XP level 5. HP: 32/35 MP: 2/9
  2781 | D:3      | Found a stormy altar of Qazlal.
  2809 | D:3      | Noticed Sigmund
  2850 | D:3      | Killed Sigmund
  2850 | D:3      | Reached skill level 6 in Ice Magic
  2850 | D:3      | Reached XP level 6. HP: 22/41 MP: 0/12
  3913 | D:2      | Killed Crazy Yiuf
  3913 | D:2      | Reached XP level 7. HP: 46/46 MP: 9/13
  4037 | D:4      | Found an ancient bone altar of Kikubaaqudgha.
  4517 | D:4      | Reached skill level 5 in Dodging
  4569 | D:5      | Entered Level 5 of the Dungeon
  4655 | D:5      | Found a runed translucent door.
  4655 | D:5      | Noticed Maedhros's ghost (amateur OpAr)
  4814 | D:5      | Reached skill level 7 in Ice Magic
  4965 | D:5      | Found a white marble altar of Elyvilon.
  4982 | D:5      | Found a shattered altar of Ashenzari.
  4990 | D:5      | Reached skill level 5 in Spellcasting
  5154 | D:5      | Reached XP level 8. HP: 44/52 MP: 9/15
  5290 | D:5      | Found a shimmering blue altar of Sif Muna.
  5293 | D:5      | Became a worshipper of Sif Muna the Loreminder
  5299 | D:5      | Learned a level 4 spell: Hailstorm
  5304 | D:5      | Learned a level 4 spell: Summon Ice Beast
  5438 | D:5      | Killed Maedhros's ghost
  5709 | D:6      | Found a glowing drain.
  5746 | D:6      | Reached skill level 1 in Conjurations
  5780 | Sewer    | Entered a sewer
  5847 | Sewer    | Reached skill level 1 in Invocations
  5852 | Sewer    | Reached * piety under Sif Muna
  5944 | Sewer    | Found a white marble altar of Elyvilon.
  6319 | D:6      | Reached skill level 5 in Polearms
  6633 | D:6      | Reached skill level 8 in Ice Magic
  6642 | D:6      | Reached XP level 9. HP: 54/57 MP: 12/17
  6685 | D:6      | Reached ** piety under Sif Muna
  6736 | D:6      | Found Kabbar's Magic Scroll Emporium.
  6766 | D:6      | Bought a scroll of magic mapping for 38 gold pieces
  6766 | D:6      | Bought a scroll of teleportation for 33 gold pieces
  6766 | D:6      | Bought a scroll of random uselessness for 11 gold pieces
  6766 | D:6      | Bought a scroll of identify for 22 gold pieces
  6766 | D:6      | Bought 3 scrolls of identify for 66 gold pieces
  7098 | D:6      | Found a burning altar of Makhleb.
  8961 | D:7      | Found a staircase to the Ecumenical Temple.
  9137 | Temple   | Entered the Ecumenical Temple
  9654 | D:8      | Noticed Maurice
  9667 | D:8      | Killed Maurice
  9667 | D:8      | Reached skill level 9 in Ice Magic
  9738 | D:8      | Noticed a two-headed ogre
  9742 | D:8      | Reached *** piety under Sif Muna
  9742 | D:8      | Reached XP level 10. HP: 63/63 MP: 17/20
  9765 | D:8      | Killed a two-headed ogre
  9889 | D:8      | Noticed Prince Ribbit
  9892 | D:8      | Killed Prince Ribbit
 10421 | D:8      | Noticed a two-headed ogre
 10436 | D:8      | Killed a two-headed ogre
 10832 | D:9      | Reached **** piety under Sif Muna
 10929 | D:9      | Noticed Psyche
 10941 | D:9      | Killed Psyche
 10941 | D:9      | Reached skill level 5 in Conjurations
 11017 | D:9      | Reached skill level 10 in Ice Magic
 11337 | D:9      | Found a staircase to the Orcish Mines.
 11570 | D:9      | Reached XP level 11. HP: 67/68 MP: 19/22
 11774 | D:10     | Entered Level 10 of the Dungeon
 11849 | D:10     | Reached skill level 5 in Invocations
 11860 | D:10     | Found a staircase to the Lair.
 12366 | D:10     | Noticed a two-headed ogre
 12382 | D:10     | Killed a two-headed ogre
 14237 | D:11     | Reached skill level 11 in Ice Magic
 14238 | D:11     | Reached ***** piety under Sif Muna
 14690 | Lair:1   | Entered Level 1 of the Lair of Beasts
 14724 | D:10     | Reached XP level 12. HP: 60/74 MP: 25/25
 15433 | Lair:1   | Identified Sif Muna's Handbook of Creative Transformation
                  | (Sif Muna gifted it to you on level 1 of the Lair of
                  | Beasts)
 15433 | Lair:1   | Received a gift from Sif Muna
 15711 | Lair:1   | Found a runed translucent gate.
 15711 | Lair:1   | Found a runed translucent gate.
 15711 | Lair:1   | Found a runed translucent gate.
 15712 | Lair:1   | Noticed a nine-headed hydra
 15713 | Lair:1   | Noticed a nine-headed hydra
 15715 | Lair:1   | Noticed temitten's ghost (journeyman DEAE)
 16336 | Lair:2   | Noticed Maggie
 16511 | Lair:2   | Killed Maggie
 16849 | Lair:2   | Found a staircase to the Shoals.
 17581 | Lair:3   | Reached skill level 10 in Polearms
 17818 | Lair:3   | Identified a scroll of acquirement
 17826 | Lair:3   | Got Sif Muna's Tome of Snow and Enhancements
 17834 | Lair:3   | Learned a level 6 spell: Ozocubu's Refrigeration
 17841 | Lair:3   | Learned a level 6 spell: Freezing Cloud
 17855 | Lair:3   | Reached skill level 12 in Ice Magic
 18009 | Lair:3   | Reached skill level 10 in Dodging
 18047 | Lair:3   | Reached skill level 10 in Spellcasting
 18425 | Lair:3   | Reached XP level 13. HP: 74/79 MP: 27/27
 18540 | Lair:3   | Identified Sif Muna's Catalogue of Attacks (Sif Muna gifted
                  | it to you on level 3 of the Lair of Beasts)
 18540 | Lair:3   | Received a gift from Sif Muna
 19911 | Lair:4   | Found a hole to the Spider Nest.
 21411 | Lair:6   | Entered Level 6 of the Lair of Beasts
 21771 | Lair:6   | Found a staircase to the Slime Pits.
 21784 | Lair:6   | Reached skill level 13 in Ice Magic
 21784 | Lair:6   | Identified Sif Muna's Compendium of Doomed Companions (Sif
                  | Muna gifted it to you on level 6 of the Lair of Beasts)
 21784 | Lair:6   | Received a gift from Sif Muna
 21800 | Lair:6   | Found a glowing silver altar of Zin.
 22459 | Lair:6   | Reached XP level 14. HP: 85/85 MP: 19/28
 23589 | Lair:6   | Found a burning altar of Makhleb.
 23926 | Lair:6   | Found a gateway to Hell.
 24304 | Lair:1   | Killed temitten's ghost
 24404 | Orc:1    | Entered Level 1 of the Orcish Mines
 24754 | Orc:1    | Noticed Sonja
 24756 | Orc:1    | Killed Sonja
 24788 | Orc:1    | Identified Sif Muna's Thaumaturgy in Simple Steps (Sif Muna
                  | gifted it to you on level 1 of the Orcish Mines)
 24788 | Orc:1    | Received a gift from Sif Muna
 25105 | Orc:2    | Entered Level 2 of the Orcish Mines
 25105 | Orc:2    | Found a roughly hewn altar of Beogh.
 25105 | Orc:2    | Noticed a stone giant
 25483 | Orc:2    | Killed a stone giant
 25768 | Orc:2    | Noticed an orc warlord
 25778 | Orc:2    | Killed an orc warlord
 25778 | Orc:2    | Noticed Urug
 25881 | Orc:2    | Killed Urug
 25902 | Orc:2    | Noticed Nergalle
 26090 | Orc:2    | Killed Nergalle
 26133 | Orc:2    | Found a roughly hewn altar of Beogh.
 26222 | Orc:2    | Found Woililig's Antique Weapon Emporium.
 26271 | Orc:2    | Found Vidamal's Book Emporium.
 26517 | Orc:2    | Found Pujelab's Antique Armour Emporium.
 26545 | Orc:2    | Found Xaxtoda's General Store.
 26586 | Orc:2    | Bought a pair of brightly glowing gloves for 285 gold
                  | pieces
 26586 | Orc:2    | Bought a scorched helmet for 285 gold pieces
 26586 | Orc:2    | Bought a runed robe for 111 gold pieces
 26618 | Orc:2    | Found a staircase to the Elven Halls.
 26638 | Orc:2    | Found Oruobas's Distillery.
 26647 | Orc:2    | Bought a potion of heal wounds for 50 gold pieces
 26956 | Orc:2    | Identified the +0 pair of gloves "Daragaogh" {rN++} (You
                  | bought it in a shop on level 2 of the Orcish Mines)
 26962 | Orc:2    | Identified the +2 helmet of a Billion Stars {Str-5 Dex+4
                  | Stlth+} (You bought it in a shop on level 2 of the Orcish
                  | Mines)
 27114 | D:12     | Noticed Azrael
 27118 | D:12     | Killed Azrael
 27118 | D:12     | Reached skill level 14 in Ice Magic
 27176 | D:12     | Found a gate leading to a gauntlet.
 27185 | Gauntlet | Entered a Gauntlet
 27185 | Gauntlet | Found a transporter.
 27254 | Gauntlet | Found a transporter.
 27270 | Gauntlet | Found a transporter.
 27275 | Gauntlet | Found a transporter.
 27290 | Gauntlet | Found a transporter.
 27309 | Gauntlet | Found a transporter.
 27324 | Gauntlet | Found a transporter.
 27327 | Gauntlet | Noticed a balrug
 27333 | Gauntlet | Found a transporter.
 27345 | Gauntlet | Found a transporter.
 27357 | Gauntlet | Found a transporter.
 27374 | Gauntlet | Found a transporter.
 27374 | Gauntlet | Found a transporter.
 27394 | Gauntlet | Found a transporter.
 27414 | Gauntlet | Found a transporter.
 27436 | Gauntlet | Found a transporter.
 27513 | Gauntlet | Found a transporter.
 27540 | Gauntlet | Found a transporter.
 27540 | Gauntlet | Found a transporter.
 27823 | Gauntlet | Reached XP level 15. HP: 74/90 MP: 20/30
 27905 | Gauntlet | Got a pair of dazzling boots
 27910 | Gauntlet | Identified the cursed +0 pair of boots of a sewer {Harm
                  | Dex+3} (You found it in a Gauntlet)
 27936 | Gauntlet | Identified Sif Muna's Catalogue of Creative Changing (Sif
                  | Muna gifted it to you in a Gauntlet)
 27936 | Gauntlet | Received a gift from Sif Muna
 27941 | Gauntlet | Reached skill level 1 in Air Magic
 27951 | Gauntlet | Got a pair of heavily runed gloves
 27969 | Gauntlet | Identified the cursed -5 pair of gloves of Lethargy {rF+
                  | MR+} (You found it in a Gauntlet)
 28083 | Gauntlet | Reached skill level 10 in Conjurations
 28224 | D:12     | Noticed Fannar
 28242 | D:12     | Killed Fannar
 29602 | D:13     | Found a runed translucent door.
 29602 | D:13     | Found a runed translucent door.
 30694 | D:14     | Received a gift from Sif Muna
 31477 | D:14     | Found a gate to the Vaults.
 31649 | D:14     | Found a glowing silver altar of Zin.
 32001 | D:15     | Entered Level 15 of the Dungeon
 32001 | D:15     | Found Lyefant's Magic Scroll Boutique.
 32007 | D:15     | Received a gift from Sif Muna
 32166 | D:15     | Reached XP level 16. HP: 96/96 MP: 9/32
 32200 | D:15     | Found a basalt altar of Yredelemnul.
 32467 | D:15     | Reached skill level 10 in Invocations
 32757 | D:15     | Killed from afar by an ice dragon

Illustrated notes

Levels and vault maps discovered:
D:1:      scummos_arrival_simple_crosswalls, layout_loops_ring
D:2:      layout_rooms, lemuel_round_altar, uniq_crazy_yiuf_cottage
D:3:      layout_loops_ring, grunt_qazlal_clouds, hex_large, st_stairs_7,
          uniq_sigmund
D:4:      layout_rooms, kiku_gazebo_garden_becter, chequers_serial_rivers_marsh
D:5:      black_bear_nest_1, layout_cave_pools, elyvilon_altar_4,
          lemuel_blue_sif_altar, hellmonk_ghost_happy_afterlife, basic_altar,
          first_ration
D:6:      layout_loops_ring, portal_sewer_entry_a, basic_altar, serial_shops,
          nicolae_shop_waterfront, kb_lookout_dungeons_type, kennysheep_dice
D:7:      layout_loops_corners, minmay_temple_entry_enclosed_plants, the_bakery,
          serial_bayou_lake_a
D:8:      layout_loops_ring, uniq_maurice, uniq_prince_ribbit1
D:9:      layout_rooms, minmay_orc_entry_guard_dogs, uniq_psyche
D:10:     layout_rooms, due_lair_maze_entry_diamond
D:11:     layout_layer_cave
D:12:     layout_layer_cave, gauntlet_entry_generic, glass_columns_a,
          grunt_ministairs_2, uniq_fannar, uniq_azrael
D:13:     layout_cross, minmay_guarded_unrand_resistance
D:14:     layout_irregular_city, lightli_vaults_fourway_checkpoint, basic_altar,
          minmay_crystal_water, minmay_bent
D:15:     grunt_enter_depths_hoard, layout_basic, serial_shops,
          nicolae_shop_trees, lemuel_crystal_altar, minmay_misc_feat_encased
Temple:   minmay_crystal_spiral_temple
Lair:1:   layout_gridlike, gammafunk_ghost_hydra_chop
Lair:2:   layout_regular_city, elwin_shoals_entry_rooms, uniq_maggie
Lair:3:   layout_loops_ring, special_room [special_room_bee],
          serial_bayou_crossing
Lair:4:   layout_hall_layers, spider_nest_entry_web_field
Lair:5:   layout_hall_layers, lemuel_fruit_fields, grunt_megastairs_3,
          infiniplex_staircase_pool
Lair:6:   evil_forest, layout_cave_pods, slime_dummy, basic_altar
Orc:1:    layout_caves, uniq_sonja
Orc:2:    grunt_orc_cross, layout_diamond_mine, basic_altar, serial_shops, shop

Skill      XL: |  1  2  3  4  5  6  7  8  9 10 11 12 13 14 15 16 |
---------------+-------------------------------------------------+-----
Dodging        | 3 4 5 6 7 8 9 10 11 12 | 12.8
Ice Magic      | 5 6 7 8 9 10 11 12 13 14 | 14.9
Spellcasting   | 3 4 5 6 7 9 10 11 12 | 12.6
Polearms       | 1 2 4 5 6 7 9 10 11 12 13 | 13.1
Conjurations   | 2 3 5 6 7 8 9 10 | 10.8
Invocations    | 2 3 4 6 7 8 9 10 | 10.0
Air Magic      | 3 |  3.9
Stealth        | |  2.1
Shields        | |  0.6

Action                   |  1- 3 |  4- 6 |  7- 9 | 10-12 | 13-15 | 16-18 || total
-------------------------+-------+-------+-------+-------+-------+-------++-------
Melee: Spear             |    49 |    24 |   143 |       |       |       ||   216
       Trident           |       |       |    38 |   302 |   467 |    61 ||   868
Throw: Dart              |       |       |     4 |    17 |     2 |     1 ||    24
 Cast: Freeze            |    39 |    74 |    91 |   102 |   101 |       ||   407
       Frozen Ramparts   |       |     8 |    29 |    54 |    33 |     1 ||   125
       Summon Ice Beast  |       |       |     4 |     5 |    52 |     4 ||    65
       Hailstorm         |       |       |    11 |    33 |    78 |     4 ||   126
       Ozocubu's Armour  |       |       |     2 |     3 |     1 |     2 ||     8
       Ozocubu's Refrige |       |       |       |       |   119 |    11 ||   130
Invok: Channel Magic     |       |       |       |     1 |     3 |     1 ||     5
  Use: Scroll            |       |       |    13 |    10 |    10 |     1 ||    34
       Potion            |       |       |       |       |     1 |       ||     1
 Stab: Sleeping          |     4 |     2 |     4 |     2 |     3 |       ||    15
       Distracted        |       |       |     1 |     2 |     3 |       ||     6
  Eat: Chunk             |     2 |     8 |    19 |    28 |    65 |     6 ||   128
       Ration            |       |       |     1 |     1 |     7 |       ||     9
Armor: Robe              |    11 |     7 |    27 |    70 |    88 |    15 ||   218
Dodge: Dodged            |    49 |    46 |   133 |   246 |   439 |    72 ||   985

Table legend:
 A = Non-vault XP
 B = Vault XP
 C = Vault XP percentage of total XP
 D = Non-vault monster count
 E = Vault monster count
 F = Vault count percentage of total count
                 A         B        C        D         E       F
            +---------+---------+-------+---------+---------+-------
      Total |   92032 |   46418 |  33.5 |     571 |     168 |  22.7
            +---------+---------+-------+---------+---------+-------
        D:1 |      62 |       0 |   0.0 |      28 |       0 |   0.0
        D:2 |      87 |      42 |  32.6 |      25 |       1 |   3.8
        D:3 |     218 |     240 |  52.4 |      28 |       2 |   6.7
        D:4 |     194 |       0 |   0.0 |      14 |       0 |   0.0
        D:5 |     313 |     295 |  48.5 |      13 |       2 |  13.3
        D:6 |    1200 |     112 |   8.5 |      35 |       5 |  12.5
        D:7 |     818 |     220 |  21.2 |      17 |       1 |   5.6
        D:8 |    2338 |     797 |  25.4 |      14 |       2 |  12.5
        D:9 |    1249 |     983 |  44.0 |      42 |       4 |   8.7
       D:10 |    2718 |    1345 |  33.1 |      19 |      10 |  34.5
       D:11 |    6173 |       0 |   0.0 |      39 |       0 |   0.0
       D:12 |    2599 |    3813 |  59.5 |      19 |      13 |  40.6
       D:13 |    6062 |       0 |   0.0 |      31 |       0 |   0.0
       D:14 |   11387 |    9215 |  44.7 |      30 |      19 |  38.8
       D:15 |   19110 |    1055 |   5.2 |      47 |       1 |   2.1
     Lair:1 |    4385 |    2525 |  36.5 |      21 |       3 |  12.5
     Lair:2 |    2782 |     739 |  21.0 |      10 |       2 |  16.7
     Lair:3 |    5854 |    1486 |  20.2 |      25 |      20 |  44.4
     Lair:4 |    2928 |       0 |   0.0 |       7 |       0 |   0.0
     Lair:5 |    5989 |     439 |   6.8 |      26 |       1 |   3.7
     Lair:6 |    9353 |    9869 |  51.3 |      39 |      26 |  40.0
      Orc:1 |    3489 |     814 |  18.9 |      23 |       1 |   4.2
      Orc:2 |    2724 |    7993 |  74.6 |      19 |      34 |  64.2
      Sewer |       0 |     111 | 100.0 |       0 |      12 | 100.0
   Gauntlet |       0 |    4325 | 100.0 |       0 |       9 | 100.0
            +---------+---------+-------+---------+---------+-------
